 Dungeon Crawl Stone Soup version 0.18-a0-987-g0b0e4e7 (webtiles) character file.

51 tof the Skirmisher (level 3, 0/39 HPs)
             Began as an Ogre Monk on Jan 3, 2016.
             Was a Believer of Nemelex Xobeh.
             Slain by a worm (7 damage)
             ... on level 1 of the Dungeon.
             The game lasted 00:04:02 (1782 turns).

tof the Skirmisher (Ogre Monk)                      Turns: 1782, Time: 00:04:02

Health: 0/39       AC:  4    Str: 16    XL:     3   Next: 83%
Magic:  3/3        EV: 11    Int:  9    God:    Nemelex Xobeh [**....]
Gold:   33         SH:  0    Dex: 13    Spells: 0 memorised, 2 levels left

rFire  . . .     SeeInvis .     d - +0 short sword
rCold  . . .     Gourm    .     a - +0 robe
rNeg   . . .     Faith    .     (no shield)
rPois  .         Spirit   .     (helmet restricted)
rElec  .         Dismiss  .     s - +0 cloak
rCorr  .         Reflect  .     (gloves unavailable)
SustAt .         Harm     .     (boots unavailable)
MR     .....                    (no amulet)
Stlth  ++........               (no ring)
                                (no ring)

@: not resistant to hostile enchantments, unstealthy
A: unfitting armour, tough skin 1
a: Renounce Religion


You were on level 1 of the Dungeon.
You worshipped Nemelex Xobeh.
Nemelex Xobeh was pleased with you.
You were not hungry.

You visited 1 branch of the dungeon, and saw 2 of its levels.

You collected 47 gold pieces.

Inventory:

Hand Weapons
 d - a +0 short sword (weapon)
Armour
 a - a +0 robe (worn)
 s - a +0 cloak (worn)
Scrolls
 n - a scroll of enchant armour {unknown}
 p - a scroll of enchant weapon {unknown}
 v - a scroll of identify {unknown}
Potions
 e - a potion of haste
 l - a potion of cure mutation {unknown}
 m - 2 potions of ambrosia {unknown}
 q - 2 potions of curing {unknown}
 t - a potion of cancellation {unknown}
 w - a potion of poison {unknown}
Miscellaneous
 f - a plain deck of defence {drawn: 1}
 g - an ornate deck of war
 h - a plain deck of destruction
 i - a plain deck of war
 r - a plain deck of war {drawn: 1}
Comestibles
 b - a bread ration
 c - a meat ration
 u - 2 fruits


   Skills:
 + Level 4.2 Fighting
 + Level 0.4 Short Blades
 + Level 3.3 Dodging
 + Level 1.9 Stealth
 + Level 4.0 Unarmed Combat


You had 2 spell levels left.
You didn't know any spells.

Dungeon Overview and Level Annotations

Branches:
Dungeon (2/15)

Altars:
Nemelex Xobeh


Innate Abilities, Weirdness & Mutations

You are too large for most types of armour.
You have tough skin (AC +1).


Message History

The worm barely misses you.
You hit the worm.
The worm is heavily wounded.
The worm bites you!
* * * LOW HITPOINT WARNING * * *
You hit the worm but do no damage.
The worm is heavily wounded.
You hit the worm.
The worm is severely wounded.
The worm bites you.
* * * LOW HITPOINT WARNING * * *
You climb upwards.
There is a stone staircase leading down here.
Unknown command.
You can't go up here!
You hit the worm.
The worm is severely wounded.
The worm bites you!
You die...
Your body disappears without a glow.

#.#.......##...#.# #.#
#.####†####......# #.# #.#
##.## ##...#.# #.#
#.###.#.#####.##.# #.#
#....###.[.......# ####.#
#..##.#.#.###.#### #.....
#......##.###'## #....#
##.##.###.##...## #.####
#####.##.# #)#@w...## #.# #
#......#.###.....)..## ##.####
#.###................####......
#.##.................'.........
#.###....###.........####...###
#.#......# ##..>....## ##.####
#.#.##.### ##.....## #....#
#.#.##.# ##...## ####.#
#.#.##.# ##'## #.#


You could see a worm.

Vanquished Creatures
  2 oozes (D:2)
  A worm (D:2)
  2 giant geckos
  2 bats
  2 giant cockroaches
  4 goblins
  4 hobgoblins (D:1)
  8 jackals
  4 kobolds (D:1)
  4 rats (D:1)
33 creatures vanquished.

Notes
Turn   | Place    | Note
--------------------------------------------------------------
     0 | D:1      | tof the Ogre Monk began the quest for the Orb.
     0 | D:1      | Reached XP level 1. HP: 24/24 MP: 1/1
   150 | D:1      | Reached XP level 2. HP: 20/32 MP: 2/2
   298 | D:1      | Found a sparkling altar of Nemelex Xobeh.
   307 | D:1      | Became a worshipper of Nemelex Xobeh the Trickster
   307 | D:1      | Received a gift from Nemelex Xobeh
   307 | D:1      | Reached * piety under Nemelex Xobeh
   307 | D:1      | Received a gift from Nemelex Xobeh
   307 | D:1      | Received a gift from Nemelex Xobeh
   307 | D:1      | Reached ** piety under Nemelex Xobeh
   699 | D:1      | Reached XP level 3. HP: 39/39 MP: 3/3
  1089 | D:2      | Received a gift from Nemelex Xobeh
  1782 | D:1      | Slain by a worm

Vault maps used:
D:1:      evilmike_arrival_hilbert_curve, nemelex_deck

Action                   || total
-------------------------++-------
Melee: Unarmed           ||    35
       Short sword       ||   114
Evoke: Deck              ||     2
  Use: Potion            ||     2
 Stab: Sleeping          ||     5
  Eat: Chunk             ||     2
       Beef jerky        ||     1
